 Dungeon Crawl Stone Soup version 0.29.1-15-g9cfb28693d (webtiles) character file.

Game seed: 17003812266387689523

65 zeram the Sneak (level 4, 0/29 HPs)
             Began as an Octopode Brigand on Apr 11, 2023.
             Slain by a gnoll
             ... wielding a +0 club
              (4 damage)
             ... on level 3 of the Dungeon.
             The game lasted 00:03:22 (1446 turns).

zeram the Sneak (Octopode Brigand)                  Turns: 1446, Time: 00:03:22

Health: 0/29       AC:  1    Str: 10    XL:     4   Next: 13%
Magic:  4/4        EV: 12    Int: 15    God:
Gold:   106        SH:  0    Dex: 13    Spells: 3/3 levels left

rFire   . . .      SeeInvis .   a - +2 dagger
rCold   . . .      Faith    .   (no shield)
rNeg    . . .      Spirit   .   (helmet restricted)
rPois   +          Reflect  .   (no amulet)
rElec   .          Harm     .   g - ring of poison resistance
rCorr   .          Rampage  .   (no ring)
Will    .....                   (no ring)
Stlth   ++++......              (no ring)
HPRegen 0.09/turn               (no ring)
MPRegen 0.09/turn               (no ring)
                                (no ring)
                                (no ring)

@: no status effects
A: almost no armour, amphibious, 8 rings, camouflage 1, gelatinous body 1,
(nimble swimmer 1), tentacles
a: no special abilities


You were on level 3 of the Dungeon.
You visited 1 branch of the dungeon, and saw 3 of its levels.

You collected 106 gold pieces.

Inventory:

Hand Weapons
 a - a +2 dagger (weapon)
Missiles
 b - 15 poisoned darts (quivered)
 c - 3 curare-tipped darts
Armour
 d - a +0 kite shield
Jewellery
 g - a ring of poison resistance (left tentacle)
Wands
 i - a wand of digging (6)
Scrolls
 e - a scroll of vulnerability
 j - a scroll of brand weapon {unknown}
 k - a scroll of fear {unknown}
Potions
 f - a potion of curing
 h - 2 potions of invisibility {unknown}


   Skills:
 - Level 2.0 Fighting
 + Level 2.3 Short Blades
 - Level 2.0 Throwing
 + Level 1.1 Dodging
 + Level 7.4 Stealth


You had 3 spell levels left.
You didn't know any spells.
Your spell library contained the following spells:

 Spells                   Type           Power      Damage    Failure   Level
 Sublimation of Blood     Necr           0%         N/A       38%         2
 Wereblood                Tmut           0%         N/A       38%         2
 Summon Hydra             Summ           0%         N/A       100%        7


Dungeon Overview and Level Annotations

Branches:
Dungeon (3/15)

Altars:

Shops:
D:1 !


Innate Abilities, Weirdness & Mutations

You cannot wear most types of armour.
You are amphibious.
You can wear up to eight rings at the same time.
Your skin changes colour to match your surroundings (Stealth+).
Your rubbery body absorbs attacks. (AC +1, EV +1)
((You are camouflaged when in or above water. (Stealth+)))
You have tentacles for arms and can constrict up to eight enemies at once.


Message History

Found a stone.
Found a robe.
An adder comes into view.
Found a fuming cyan potion.
An adder is nearby!
An adder is nearby!
An adder is nearby!
A gnoll comes into view. It is wielding a +0 club.
A dart slug, 2 gnolls and a worm come into view. 2 orcs and a gnoll come into view. 2 orcs come into view.
An orc is wielding a +0 short sword and wearing a +2 chain mail of willpower.
Found a stone staircase leading down.
The orc shouts! x2; You hear a shout!
The gnoll shouts!
The orc shouts!
The gnoll hits you with a +0 club.
An orc comes into view. It is wielding a +0 club.
The orc shouts!
You hit the gnoll. You grab the gnoll.
The gnoll is moderately wounded.
You constrict the gnoll. You hit the gnoll. You squeeze the gnoll.
You kill the gnoll!
The worm barely misses you.
You have reached level 4!
The gnoll hits you with a +0 club! The adder barely misses you.
The gnoll attacks as you move away! The gnoll barely misses you.
The dart slug bites you. The adder closely misses you.
The adder attacks as you move away! The adder barely misses you.
The gnoll attacks as you move away! The gnoll hits you with a +0 club!
* * * LOW HITPOINT WARNING * * *
The gnoll closely misses you. The gnoll hits you with a +0 club.
* * * LOW HITPOINT WARNING * * *
Okay, then.
You feel better. The gnoll hits you with a +0 club.
* * * LOW HITPOINT WARNING * * *
The gnoll attacks as you move away! The gnoll hits you with a +0 club.
* * * LOW HITPOINT WARNING * * *
The gnoll attacks as you move away! The gnoll hits you with a +0 club.
You die...

....o.g.#.......#
#.....)##..##....
#########.g# ..
####.w.w.#####.#
#...w....#.....#
#.##.#####<#####
#S##....#
..#####g##.####
........@..#
..###....###
#......
#(..####.. .....
#.. ...... .
.....[. .......


You could see a gnoll, an adder and a dart slug.

Vanquished Creatures
  2 gnolls
  5 ball pythons
  3 bats
  4 endoplasms
  4 goblins
  6 hobgoblins
  4 jackals (D:1)
  A quokka (D:1)
  2 frilled lizards
  5 kobolds
  3 rats (D:1)
39 creatures vanquished.

Notes
Turn   | Place    | Note
-------+----------+-------------------------------------------
     0 | D:1      | zeram the Octopode Brigand began the quest for the Orb.
     0 | D:1      | Reached XP level 1. HP: 14/14 MP: 1/1
   173 | D:1      | Reached XP level 2. HP: 19/19 MP: 2/2
   176 | D:1      | Reached skill level 6 in Stealth
   249 | D:1      | Found a faded altar of an unknown god.
   379 | D:1      | Found Muynnusu's Distillery.
   391 | D:1      | Reached XP level 3. HP: 24/24 MP: 3/3
   778 | D:1      | Reached skill level 7 in Stealth
  1432 | D:3      | Reached XP level 4. HP: 23/29 MP: 4/4
  1446 | D:3      | Slain by a gnoll

Illustrated notes

Levels and vault maps discovered:
D:1:      ncdulo_lavacross, layout_basic, serial_shops, shop,
          shapermc_ecumenical_altar_mp_urbaneastern
D:2:      layout_rooms, minivault_24
D:3:      layout_rooms, gammafunk_temple_overflow_pools, trog_hazing_becter,
          serial_shops, shop

Skill      XL: |  1  2  3 |
---------------+----------+-----
Stealth        | 6 7 |  7.4
Fighting       | |  2.0
Short Blades   | |  2.3
Throwing       | |  2.0
Dodging        | |  1.1

Action                   |  1- 3 |  4- 6 || total
-------------------------+-------+-------++-------
Melee: Dagger            |    60 |       ||    60
       Constrict         |     9 |       ||     9
       Tentacles         |     7 |       ||     7
       Punch             |     1 |       ||     1
  Use: Scroll            |     3 |       ||     3
       Potion            |       |     1 ||     1
 Stab: Sleeping          |    22 |       ||    22
Armor: Skin              |     4 |       ||     4
Dodge: Dodged            |    21 |     5 ||    26
